 Dungeon Crawl Stone Soup version 0.29.1-14-g9c671dbff4 (webtiles) character file.

Game seed: 8567402348541240055

147 Wobber the Changer (level 5, 0/29 HPs)
             Began as an Octopode Transmuter on Feb 15, 2023.
             Was a Follower of Hepliaklqana.
             Slain by Edmund
             ... wielding a +2 vorpal dire flail
              (16 damage)
             ... on level 4 of the Dungeon.
             The game lasted 00:11:08 (3924 turns).

Wobber the Changer (Octopode Transmuter)            Turns: 3924, Time: 00:11:10

Health: 0/29       AC:  1    Str:  9    XL:     5   Next: 29%
Magic:  7/8        EV: 13    Int: 18    God:    Hepliaklqana [*.....]
Gold:   163        SH:  0    Dex: 12    Spells: 4/8 levels left

rFire   . . .      SeeInvis .     - Unarmed
rCold   . . .      Faith    .   (no shield)
rNeg    . . .      Spirit   .   (helmet currently unavailable)
rPois   .          Reflect  .   o - amulet of the acrobat
rElec   .          Harm     .   (no ring)
rCorr   .          Rampage  .   (no ring)
Will    .....                   (no ring)
Stlth   ++........              (no ring)
HPRegen 0.09/turn               (no ring)
MPRegen 0.11/turn               (no ring)
                                (no ring)
                                (no ring)

@: appendages
A: tentacle spike 3, reduced essence, almost no armour, amphibious, 8 rings,
camouflage 1, gelatinous body 1, (nimble swimmer 1), tentacles
a: End Transformation, Renounce Religion, Recall Ancestor, Ancestor Identity


You were on level 4 of the Dungeon.
You worshipped Hepliaklqana.
Hepliaklqana was aware of your devotion.
One of your tentacles had grown a beastly spike.
You visited 1 branch of the dungeon, and saw 4 of its levels.

You collected 163 gold pieces.

Inventory:

Missiles
 b - 27 stones
 j - 6 atropa-tipped darts
 t - 8 poisoned darts
Jewellery
 f - an amulet of regeneration
 o - an amulet of the acrobat (around mantle)
 r - a ring of flight
Wands
 c - a wand of flame (7)
 q - a wand of iceblast (13)
Scrolls
 h - 3 scrolls of enchant armour {unknown}
 l - a scroll of teleportation {unknown}
 m - a scroll of magic mapping {unknown}
 p - 4 scrolls of identify
Potions
 a - 2 potions of lignification
 d - a potion of attraction {unknown}
 e - a potion of degeneration {unknown}
 g - 2 potions of heal wounds {unknown}
 i - a potion of flight {unknown}
 k - 2 potions of might
 n - a potion of ambrosia {unknown}
 s - a potion of haste {unknown}


   Skills:
 - Level 1.1 Fighting
 - Level 2.1 Dodging
 - Level 3.5 Unarmed Combat
 - Level 2.0 Spellcasting
 + Level 3.9 Transmutations
 + Level 3.0 Poison Magic


You had 4 spell levels left.
You knew the following spells:

 Your Spells              Type           Power      Damage    Failure   Level
a - Beastly Appendage     Tmut           32%        N/A       3%          1
b - Spider Form           Tmut/Pois      14%        N/A       13%         3

Your spell library contained the following spells:

 Spells                   Type           Power      Damage    Failure   Level
 Wereblood                Tmut           16%        N/A       5%          2
 Ice Form                 Ice/Tmut       8%         N/A       63%         4


Dungeon Overview and Level Annotations

Branches:
Dungeon (4/15)
 Temple: D:4-7

Altars:
Hepliaklqana
Zin
The Shining One

Annotations:
D:4 Edmund


Innate Abilities, Weirdness & Mutations

One of your tentacles has grown a beastly spike.
Your life essence is reduced to manifest your ancestor. (-10% HP)
You cannot wear most types of armour.
You are amphibious.
You can wear up to eight rings at the same time.
Your skin changes colour to match your surroundings (Stealth+).
Your rubbery body absorbs attacks. (AC +1, EV +1)
((You are camouflaged when in or above water. (Stealth+)))
You have tentacles for arms and can constrict up to eight enemies at once.


Message History

Aim: a kobold, wielding a +0 dagger and quivering poisoned darts (asleep, ally target) Attack!
Your transformation is almost over.
The helpless kobold fails to defend itself.
You tentacle-slap the kobold. You grab the kobold.
You pierce the kobold.
You kill the kobold!
Things that are here:
a +0 dagger; 8 poisoned darts
t - 8 poisoned darts You swap places.
Edmund the Younger comes into view.
He is wielding a +2 vorpal dire flail.
Edmund shouts!
Edmund drinks a potion.
Edmund suddenly seems more resistant.
You extend your transformation's duration.
Edmund barely misses Coal.
Coal hits Edmund.
Edmund closely misses you.
Coal barely misses Edmund.
You closely miss Edmund. You grab Edmund.
You pierce Edmund, but do no damage.
You squeeze Edmund!
Edmund is moderately wounded.
You constrict Edmund, but do no damage. Edmund barely misses you.
Coal completely misses Edmund.
You tentacle-slap Edmund.
Edmund is moderately wounded.
You constrict Edmund. Edmund barely misses you.
Coal hits Edmund.
You tentacle-slap Edmund.
Edmund is moderately wounded.
You constrict Edmund, but do no damage. Edmund barely misses you.
Coal hits Edmund.
You tentacle-slap Edmund. You squeeze Edmund.
Edmund is heavily wounded.
You constrict Edmund.
Edmund hits you with a +2 vorpal dire flail!
Coal hits Edmund.
You tentacle-slap Edmund but do no damage.
You pierce Edmund.
You squeeze Edmund!
Edmund is almost dead.
You constrict Edmund.
Edmund hits you with a +2 vorpal dire flail!
Ouch! That really hurt!
You die...

#.....# #.###..................
#.....###.##..##...............
#.....##R#..#R######.#...#..#..
#####.#.##.###.# #.#.........
#.##.#..#.## #.#...#.....
#.........# #.#...#.####
########.## #...### #
#.......#########
##.#######@@.....# ##...##
#..R####### ####.....###......#
.>.......)........#
####.....#.##..#)##
##...##.##....# ##.###.##.##.#
### #.##(##.+ #.##.##.+


You could see the friendly Coal the ancestor and Edmund (resistant, ally
target).

Vanquished Creatures
  Ijyb (D:3)
  An adder (D:4)
  A worm (D:3)
  3 dart slugs
  An orc (D:3)
  12 endoplasms
  4 giant cockroaches
  6 goblins
  4 hobgoblins
  A jackal (D:1)
  A quokka (D:2)
  8 ball pythons
  6 bats
  A frilled lizard (D:1)
  4 kobolds
  10 rats
64 creatures vanquished.

Vanquished Creatures (collateral kills)
  An iguana (D:4)
  3 jackals (D:3)
  2 kobolds (D:3)
6 creatures vanquished.

Vanquished Creatures (others)
  3 plants (D:3)
3 creatures vanquished.

Grand Total: 73 creatures vanquished

Notes
Turn   | Place    | Note
-------+----------+-------------------------------------------
     0 | D:1      | Wobber the Octopode Transmuter began the quest for the Orb.
     0 | D:1      | Reached XP level 1. HP: 13/13 MP: 3/3
   173 | D:1      | Reached XP level 2. HP: 10/18 MP: 3/5
   663 | D:1      | Reached XP level 3. HP: 23/23 MP: 4/6
   667 | D:1      | Learned a level 3 spell: Spider Form
  1453 | D:2      | Reached skill level 1 in Poison Magic
  1538 | D:2      | Found a hazy altar of Hepliaklqana.
  1600 | D:2      | Became a worshipper of Hepliaklqana the Forgotten
  1889 | D:2      | Reached XP level 4. HP: 26/28 MP: 7/7
  2067 | D:3      | Found a large runed translucent door.
  2068 | D:3      | Found a large runed translucent door.
  2477 | D:3      | Noticed Ijyb
  2883 | D:3      | Reached * piety under Hepliaklqana
  2955 | D:3      | Found a faded altar of an unknown god.
  3049 | D:3      | Killed Ijyb
  3458 | D:3      | Found a glowing silver altar of Zin.
  3464 | D:3      | Found a glowing golden altar of the Shining One.
  3635 | D:4      | Reached XP level 5. HP: 20/29 MP: 5/8
  3915 | D:4      | Noticed Edmund
  3924 | D:4      | Slain by Edmund

Illustrated notes

Levels and vault maps discovered:
D:1:      co_arrival_random_square_maze, layout_basic, grunt_decor_junction,
          st_stairs_2, minivault_27
D:2:      minmay_door_path, layout_rooms, basic_altar,
          chequers_serial_rivers_micro_c, hex_intersection
D:3:      layout_loops_ring, jmf_multi_god_temple2,
          hellmonk_ecumenical_altar_arch_garden, solitary_fountain,
          corexii_shack, minmay_misc_feat_iff, serial_bayou_crossing, uniq_ijyb
D:4:      layout_loops_cross, kennysheep_donut, minmay_puff, uniq_robin,
          uniq_edmund

Skill      XL: |  1  2  3  4  5 |
---------------+----------------+-----
Transmutations | 3 |  3.9
Poison Magic   | 1 2 3 |  3.0
Fighting       | |  1.1
Dodging        | |  2.1
Unarmed Combat | |  3.5
Spellcasting   | |  2.0

Action                   |  1- 3 |  4- 6 || total
-------------------------+-------+-------++-------
Melee: Unarmed           |    91 |    54 ||   145
       Constrict         |    25 |    15 ||    40
       Kick              |    25 |    19 ||    44
       Tentacles         |    18 |    15 ||    33
       Punch             |     2 |     1 ||     3
Throw: Stone             |     1 |       ||     1
 Cast: Beastly Appendage |    33 |    19 ||    52
Invok: Ancestor Identity |       |     1 ||     1
  Use: Scroll            |     3 |     1 ||     4
       Potion            |       |     1 ||     1
 Stab: Sleeping          |     5 |     4 ||     9
Armor: Skin              |     9 |     5 ||    14
Dodge: Dodged            |    38 |    69 ||   107
